 Dungeon Crawl Stone Soup version 0.20-a0-969-g5a5da1e (webtiles) character file.

85 HAWKINGL3623 the Skirmisher (level 4, -1/55 HPs)
             Began as a Barachi Berserker on Oct 13, 2017.
             Was a Believer of Trog.
             Slain by a goblin
             ... wielding a +0 club
             ... led by Robin
              (6 damage)
             ... on level 3 of the Dungeon on Oct 14, 2017.
             The game lasted 00:24:05 (3187 turns).

HAWKINGL3623 the Skirmisher (Barachi Berserker)     Turns: 3187, Time: 00:24:06

Health: -1/55      AC:  4    Str: 24    XL:     4   Next: 48%
Magic:  4/4        EV: 13    Int: 11    God:    Trog [**....]
Gold:   160        SH:  0    Dex: 11    Spells: 3/3 levels left

rFire    . . .     SeeInvis .   f - +0 spear (freeze)
rCold    . . .     Gourm    .   (no shield)
rNeg     . . .     Faith    .   b - +0 animal skin
rPois    .         Spirit   .   g - +1 helmet {Int+3}
rElec    .         Reflect  .   (no cloak)
rCorr    .         Harm     .   (no gloves)
MR       ++...                  (no boots)
Stlth    ..........             (no amulet)
Regen    1.2/turn               (no ring)
MPRegen  0.1/turn               (no ring)

@: berserking (expiring), regenerating, very quick
A: +LOS, swims, slowness 1, strong legs 1
a: Hop, Berserk, Trog's Hand, Burn Spellbooks, Renounce Religion


You were on level 3 of the Dungeon.
You worshipped Trog.
Trog was pleased with you.
You were very hungry.

You visited 1 branch of the dungeon, and saw 3 of its levels.

You collected 160 gold pieces.

Inventory:

Hand Weapons
 e - a +0 hunting sling
 f - a +0 spear of freezing (weapon)
Missiles
 d - 45 stones (quivered)
Armour
 b - a +0 animal skin (worn)
 g - a +1 helmet of intelligence (worn)
Wands
 j - a wand of polymorph (17/24)
Potions
 h - 2 potions of heal wounds
Comestibles
 c - a bread ration
 i - 2 meat rations
 k - 3 royal jellies


   Skills:
 + Level 4.2 Fighting
   Level 4.2 Maces & Flails
 + Level 0.6 Polearms
 + Level 1.2 Throwing
 + Level 2.7 Armour
 + Level 2.8 Dodging
 + Level 0.2 Stealth


You had 3 spell levels left.
You didn't know any spells.

Dungeon Overview and Level Annotations

Branches:
Dungeon (3/15)

Altars:

Annotations:
D:3 Robin


Innate Abilities, Weirdness & Mutations

Shadows flee at your approach. (+LOS)
You can swim through water.
You cover ground slowly.
You can hop short distances.


Message History

* * * LOW HITPOINT WARNING * * *
You puncture the goblin! You freeze the goblin.
You kill the goblin!
Trog accepts your kill. The goblin barely misses you.
Unknown command.
You feel the effects of Trog's Hand fading.
The goblin hits you but does no damage. The goblin completely misses you.
The frilled lizard bites you but does no damage.
Robin throws the goblin at you!
* * * LOW HITPOINT WARNING * * *
The goblin barely misses you. The goblin misses you.
The goblin closely misses you.
You see here a club.
You hit Robin. You freeze Robin.
Robin is moderately wounded.
The goblin barely misses you. The goblin closely misses you.
The frilled lizard completely misses you.
The goblin closely misses you. The goblin hits you with a club.
You die...

#...##.....######.##
######.....# #..#
####### ##.## #..#
##.## #..#
########.##
#.gggg....#
######.g@l...†.#
#....?.ggg.....#
#..............#
#......(..[....#
.(.w###########...#
... #..# .. ..# ..#
>#


You could see Robin, a dart slug, 7 goblins and a frilled lizard.

Vanquished Creatures
  A gnoll (D:1)
  An adder (D:2)
  An ooze (D:3)
  A dart slug (D:3)
  2 leopard geckos
  A ball python (D:2)
  5 bats
  3 giant cockroaches
  12 goblins
  5 hobgoblins
  5 jackals (D:2)
  5 kobolds
  6 frilled lizards
  4 rats
52 creatures vanquished.

Notes
Turn   | Place    | Note
-------+----------+-------------------------------------------
     0 | D:1      | HAWKINGL3623 the Barachi Berserker began the quest for the Orb.
     0 | D:1      | Reached XP level 1. HP: 18/18 MP: 1/1
   690 | D:1      | Reached XP level 2. HP: 25/25 MP: 2/2
   975 | D:1      | a giant cockroach gained the power of zot (level 1).
  1472 | D:1      | Reached XP level 3. HP: 13/30 MP: 3/3
  2459 | D:2      | Reached ** piety under Trog
  2459 | D:2      | Reached XP level 4. HP: 36/37 MP: 4/4
  2849 | D:3      | Reached skill level 1 in Throwing
  3167 | D:3      | Noticed Robin
  3187 | D:3      | Slain by a goblin

Vault maps used:
D:1:      minmay_arrival_widening_spiral_wide, serial_co_window_serial,
          co_window_of_opportunity_a, co_window_cross_1,
          co_window_of_opportunity_a, co_window_paths_a, co_window_corner_a,
          co_window_paths_a, co_window_corner_a, co_window_corner_a,
          co_window_of_opportunity_a, co_window_paths_c, co_window_paths_c,
          co_window_broadway_a, co_window_cross_3, glass_columns_a,
          glass_columns_c
D:2:      minmay_heptomino_d4
D:3:      grunt_ministairs_1, uniq_robin

Skill      XL: |  1  2  3  4 |
---------------+-------------+-----
Fighting       | 4 |  4.2
Maces & Flails | 4 |  4.2
Throwing       | 1 |  1.2
Polearms       | |  0.6
Armour         | |  2.7
Dodging        | |  2.8
Stealth        | |  0.2

Action                   |  1- 3 |  4- 6 || total
-------------------------+-------+-------++-------
Melee: Mace              |    47 |       ||    47
       Spear             |    28 |    54 ||    82
 Fire: Hunting sling     |       |     8 ||     8
Throw: Stone             |    51 |     9 ||    60
Invok: Berserk           |     1 |     1 ||     2
       Trog's Hand       |       |     1 ||     1
 Abil: Hop               |     2 |     1 ||     3
  Use: Potion            |     3 |       ||     3
       Scroll            |     4 |       ||     4
  Eat: Chunk             |     7 |     2 ||     9
Armor: Animal skin       |    18 |    12 ||    30
Dodge: Dodged            |    48 |    46 ||    94
